 Dungeon Crawl Stone Soup version 0.17-a0-1360-g37db002 (webtiles) character file.

1305 Kidiri the Sneak (level 8, -11/51 HPs)
             Began as an Octopode Transmuter on June 11, 2015.
             Was an Initiate of Gozag.
             Mangled by an iguana (12 damage)
             ... on level 6 of the Dungeon.
             The game lasted 00:32:22 (8222 turns).

Kidiri the Sneak (Octopode Transmuter)              Turns: 8222, Time: 00:32:22

Health: -11/51     AC:  1    Str: 14    XL:     8   Next: 57%
Magic:  13/14      EV: 14    Int: 15    God:    Gozag
Gold:   1207       SH:  0    Dex: 15    Spells: 5 memorised, 4 levels left

rFire  . . .     SeeInvis +       - Unarmed
rCold  . . .     Clarity  +     (no shield)
rNeg   . . .     SustAt   .     (helmet restricted)
rPois  +         Gourm    .     d - amulet of clarity
rElec  .         Spirit   .     g - ring of poison resistance
rCorr  .         Warding  .     l - ring of see invisible
rMut   .         Stasis   .     (no ring)
MR     .....                    (no ring)
Stlth  ++++......               (no ring)
                                (no ring)
                                (no ring)
                                (no ring)

@: mighty, appendage (expiring), not resistant to hostile enchantments, stealthy
A: almost no armour, amphibious, 8 rings, constrict 8, tentacle spike 3,
camouflage 1, gelatinous body 1
a: End Transformation, Potion Petition, Call Merchant, Bribe Branch, Renounce
Religion


You were on level 6 of the Dungeon.
You worshipped Gozag.
Gozag was noncommittal.
You were full.
One of your tentacles had a temporary spike.
You visited 2 branches of the dungeon, and saw 7 of its levels.

You collected 1207 gold pieces.

Inventory:

Missiles
 a - 39 arrows
Jewellery
 d - an amulet of clarity (around mantle)
 g - a ring of poison resistance (left tentacle)
 l - a ring of see invisible (right tentacle)
 w - an uncursed amulet of the gourmand
Magical devices
 y - a wand of enslavement (5)
Scrolls
 c - a scroll of enchant armour {unknown}
 e - 2 scrolls of enchant weapon {unknown}
 j - 5 scrolls of remove curse
 k - a scroll of immolation
 m - 3 scrolls of teleportation {unknown}
 n - a scroll of noise {unknown}
 o - a scroll of blinking
 q - 2 scrolls of fear {unknown}
 v - a scroll of random uselessness {unknown}
Potions
 f - a potion of might
 p - a potion of agility {unknown}
 r - 2 potions of magic
 s - a potion of mutation {unknown}
 t - a potion of ambrosia {unknown}
 u - a potion of flight {unknown}
Books
 b - a book of Changes

   Spells                             Type                      Level
   a - Beastly Appendage              Transmutation                1
   b - Sticks to Snakes               Transmutation                2
   c - Spider Form                    Transmutation/Poison         3
   d - Ice Form                       Ice/Transmutation            4
   e - Blade Hands                    Transmutation                5
 z - the Handbook of Creation
   (You found it on level 6 of the Dungeon)

   Spells                             Type                      Level
   a - Summon Butterflies             Summoning                    1
   b - Summon Small Mammal            Summoning                    1
   c - Call Imp                       Summoning                    2
   d - Call Canine Familiar           Summoning                    3
   e - Shadow Creatures               Summoning                    5
   f - Summon Demon                   Summoning                    5
Comestibles
 x - a beef jerky


   Skills:
 + Level 2.4 Fighting
 * Level 4.5 Dodging
 * Level 5.5 Stealth
   Level 2.0 Shields
 * Level 5.0 Unarmed Combat
 * Level 4.1 Spellcasting
 + Level 0.4 Summonings
 + Level 3.4 Transmutations
 + Level 1.5 Ice Magic
 + Level 3.6 Poison Magic


You had 4 spell levels left.
You knew the following spells:

 Your Spells              Type           Power        Failure   Level  Hunger
a - Beastly Appendage     Trmt           ##....       6%          1    None
b - Sticks to Snakes      Trmt           ##........   10%         2    ##.....
c - Spider Form           Trmt/Pois      ##........   14%         3    ###....
d - Ice Form              Ice/Trmt       ##......     67%         4    ####...
e - Summon Small Mammal   Summ           #...         17%         1    None


Dungeon Overview and Level Annotations

Branches:
Dungeon (6/15)             Temple (1/1) D:5

Altars:
Ashenzari
Cheibriados
Dithmenos
Elyvilon
Gozag
Kikubaaqudgha
Makhleb
Nemelex Xobeh
Okawaru
Qazlal
Ru
Trog
Xom
Yredelemnul
Zin

Shops:
D:6 [


Innate Abilities, Weirdness & Mutations

You cannot wear most types of armour.
You are amphibious.
You can wear up to eight rings at the same time.
You can use your tentacles to constrict eight enemies at once.
Your skin changes colour to match your surroundings (Stealth).
Your rubbery body absorbs attacks (AC +1).
One of your tentacles bears a large vicious spike.


Message History

Asdu's ghost closely misses you.
You closely miss asdu's ghost. You squeeze asdu's ghost.
Asdu's ghost is almost destroyed.
Asdu's ghost hits you!
* * * LOW HITPOINT WARNING * * *
Drink which item? (? for menu, Esc to quit)
You feel very mighty all of a sudden. Asdu's ghost misses you.
You bludgeon asdu's ghost!
You destroy asdu's ghost!
Your Unarmed Combat skill increases to level 5!
Your Spellcasting skill increases to level 4!
The kobold throws a stone.
The stone closely misses you.
The kobold throws a stone.
The stone closely misses you.
You tentacle-slap the iguana. Your grab misses the iguana.
You pierce the iguana!
The iguana is heavily wounded.
The iguana bites you!
You die...
Your body crumbles into a pile of gold.

..+.........#.....#..#.+.....
..#.........#......[...#......
#'##.###+##..........#+#####
###<##.## ...#+###'#......
...)....+ .. #..#..+......
........# +..'..#......
#+####+## #(###.#......
##(###.# ..#+# +.@$...+
###l##+#


KK. ..... ....... ......# ...<..' ......# You could see an iguana and 2 kobolds.

Vanquished Creatures
  The ghost of asdu the Chopper, an experienced VSBe of Trog (D:6)
  Menkaure (D:5)
  2 ogres (D:4)
  A big kobold (D:6)
  2 scorpions (D:5)
  A crimson imp (D:5)
  2 hounds
  Jessica (D:3)
  2 orc wizards
  An iguana (D:6)
  2 killer bee zombies (D:6)
  2 worker ants
  The ghost of asdu the Charmwright, a weakling VSSk (D:3)
  Robin (D:3)
  3 gnolls (D:5)
  13 adders
  An adder zombie (D:5)
  2 worms
  9 giant geckos
  19 orcs
  A ball python (D:1)
  A bat skeleton (D:5)
  7 giant cockroaches
  25 goblins
  16 hobgoblins
  7 jackals
  13 bats
  A giant gecko zombie (D:5)
  3 giant newts
  10 kobolds
  A quokka skeleton (D:5)
  9 rats
161 creatures vanquished.

Notes
Turn   | Place    | Note
--------------------------------------------------------------
     0 | D:1      | Kidiri the Octopode Transmuter began the quest for the Orb.
     0 | D:1      | Reached XP level 1. HP: 13/13 MP: 3/3
   225 | D:1      | Reached XP level 2. HP: 13/18 MP: 5/5
   782 | D:1      | Reached skill level 1 in Stealth
   782 | D:1      | Reached XP level 3. HP: 23/23 MP: 6/6
   786 | D:1      | Learned a level 2 spell: Sticks to Snakes
   790 | D:1      | Learned a level 3 spell: Spider Form
  1205 | D:2      | Found a faded altar to an unknown god.
  1214 | D:2      | Became a worshipper of Gozag Ym Sagoz the Greedy
  1860 | D:2      | Reached XP level 4. HP: 25/28 MP: 7/7
  1881 | D:3      | Reached skill level 1 in Shields
  1881 | D:3      | Reached skill level 1 in Poison Magic
  2030 | D:3      | Noticed Robin
  2576 | D:3      | Found a white marble altar of Elyvilon.
  2622 | D:3      | Killed Robin
  2625 | D:3      | Reached XP level 5. HP: 9/33 MP: 6/8
  2887 | D:3      | Found a white marble altar of Elyvilon.
  2921 | D:3      | Noticed Jessica
  2926 | D:3      | Killed Jessica
  3038 | D:3      | Noticed asdu's ghost (weakling VSSk)
  3073 | D:3      | Killed asdu's ghost
  3325 | D:3      | Found a glowing silver altar of Zin.
  3326 | D:3      | Found an opulent altar of Gozag.
  3639 | D:4      | Reached XP level 6. HP: 11/38 MP: 7/10
  3645 | D:4      | Learned a level 4 spell: Ice Form
  4219 | D:4      | Noticed an ogre
  4244 | D:4      | Killed an ogre
  4539 | D:4      | Noticed an ogre
  4556 | D:4      | Reached skill level 4 in Stealth
  4567 | D:4      | Killed an ogre
  4567 | D:4      | Reached XP level 7. HP: 39/45 MP: 8/11
  5293 | D:5      | Entered Level 5 of the Dungeon
  5392 | D:5      | Reached skill level 1 in Ice Magic
  5724 | D:5      | Found a staircase to the Ecumenical Temple.
  6185 | D:5      | Noticed Menkaure
  6194 | D:5      | Killed Menkaure
  6651 | D:5      | Reached XP level 8. HP: 50/50 MP: 13/13
  6672 | D:5      | Found a shimmering altar of Xom.
  7385 | Temple   | Entered the Ecumenical Temple
  7629 | D:6      | Found Miavymp's Armour Shop.
  7764 | D:6      | Reached skill level 5 in Stealth
  8174 | D:6      | Identified the Handbook of Creation
  8177 | D:6      | Learned a level 1 spell: Summon Small Mammal
  8196 | D:6      | Noticed asdu's ghost (experienced VSBe)
  8219 | D:6      | HP: 1/51 [asdu's ghost (12)]
  8221 | D:6      | Killed asdu's ghost
  8221 | D:6      | Reached skill level 5 in Unarmed Combat
  8222 | D:6      | Mangled by an iguana

Vault maps used:
D:1:      wheals_arrival_linesprint, roderic_lattice_a, st_stairs_1
D:2:      ecumenical_altar_2, first_bread
D:3:      grunt_temple_overflow_gold_and_silver, overflow_temple_1_default,
          elyvilon_altar_1, uniq_robin, uniq_jessica
D:4:      kennysheep_generic_room_15
D:5:      overflow_temple_1_default, temple_statues, minmay_misc_feat_roman,
          uniq_menkaure
D:6:      serial_shops, shop, minmay_misc_feat_diagonals
Temple:   bh_familiar_temple

Action                   |  1- 3 |  4- 6 |  7- 9 || total
-------------------------+-------+-------+-------++-------
Melee: Unarmed           |    91 |   184 |   156 ||   431
 Cast: Beastly Appendage |     1 |    10 |     3 ||    14
       Spider Form       |       |     1 |       ||     1
  Use: Scroll            |     5 |     1 |     2 ||     8
       Potion            |       |       |     3 ||     3
 Stab: Sleeping          |     5 |    14 |     9 ||    28
       Distracted        |     2 |       |     1 ||     3
  Eat: Bread ration      |     1 |     2 |     1 ||     4
       Fruit             |       |       |     3 ||     3
       Pizza             |       |       |     5 ||     5
